Map: Rainfall LE

Players

반포골드핑거 - Winner!

  • Race: Zerg Zerg
  • League: Master

SialicAcid

  • Race: Terran Terran
  • League: Diamond

VOD

Have the link to the VOD?

Description

Time

  • Played on: Sept. 23, 2026, 11:58 a.m.
  • Length: 14:31
Show
View Real Time Build Order
Export as new Build Order

반포골드핑거 Zerg - Winner!

Build Orders: Hatch First, Lurkers 

Get SALT Encoding   

  12  0:00  Drone  
  13  0:13  Overlord  
  13  0:17  Drone  
  14  0:32  Drone x2  
  16  0:49  Hatchery  
  15  0:51  Drone  
  15  0:54  Drone  
  17  1:00  Drone  
  18  1:09  Extractor  
  17  1:13  Spawning Pool  
  17  1:15  Drone  
  17  1:18  Drone  
  18  1:29  Drone  
  20  1:40  Drone  
  20  1:51  Drone  
  21  2:02  Queen x2  
  21  2:04  Zergling x4  
  27  2:14  Metabolic Boost  
  27  2:21  Hatchery  
  26  2:26  Overlord  
  26  2:28  Drone  
  27  2:30  Drone  
  28  2:44  Drone  
  28  2:45  Drone  
  28  2:46  Drone  
  28  2:47  Drone x2  
  33  2:52  Queen  
  33  2:55  Drone  
  36  2:59  Overlord  
  36  3:06  Overlord  
  36  3:19  Drone  
  38  3:20  Drone x3  
  38  3:21  Drone  
  41  3:27  Drone  
  41  3:33  Drone  
  43  3:34  Queen  
  43  3:36  Queen  
  43  3:38  Overlord x2  
  47  3:42  Zergling x2  
  48  3:48  Zergling x2  
  48  3:49  Zergling x2  
  50  3:59  Zergling x6  
  53  4:05  Drone x4  
  53  4:06  Drone  
  58  4:14  Queen x2  
  58  4:16  Overlord x2  
  62  4:20  Drone x3  
  62  4:23  Drone x2  
  67  4:28  Lair  
  67  4:36  Spore Crawler  
  67  4:37  Spore Crawler  
  67  4:38  Spore Crawler, Drone  
  65  4:39  Drone  
  65  4:40  Drone  
  65  4:43  Drone x2  
  65  4:44  Drone  
  70  4:46  Drone x2  
  70  4:48  Drone  
  70  4:49  Drone  
  74  4:54  Drone x3  
  74  4:55  Drone  
  74  4:56  Drone  
  74  4:57  Drone  
  74  4:59  Drone  
  81  5:07  Evolution Chamber  
  81  5:08  Evolution Chamber  
  81  5:09  Baneling Nest  
  78  5:18  Extractor  
  78  5:19  Extractor  
  78  5:20  Extractor  
  78  5:21  Extractor, Drone x6  
  74  5:23  Hatchery  
  74  5:26  Drone x3  
  74  5:27  Drone x2  
  74  5:28  Drone  
  85  5:29  Drone  
  85  5:31  Overseer  
  85  5:35  Drone x3  
  89  5:40  Overseer  
  89  5:57  Spore Crawler  
  89  5:59  Centrifugal Hooks  
  88  6:05  Overlord x4  
  88  6:06  Overlord x3  
  88  6:22  Hatchery  
  87  6:28  Zerg Melee Weapons Level 1, Zerg Ground Armor Level 1  
  87  6:29  Zergling x24  
  99  6:36  Drone  
  99  6:37  Drone x6  
  106  6:46  Hydralisk Den  
  105  6:51  Zergling x10  
  110  6:56  Drone  
  110  6:57  Drone  
  112  7:09  Baneling x18  
  112  7:11  Zergling x2  
  112  7:12  Zergling x24  
  125  7:19  Overlord  
  125  7:22  Muscular Augments  
  125  7:27  Zergling x12, Hatchery  
  130  7:36  Zergling x10  
  110  7:52  Zergling x24  
  110  7:56  Hydralisk x3  
  110  7:57  Infestation Pit, Hydralisk x2  
  110  7:58  Hydralisk x3  
  131  8:08  Drone x6  
  137  8:13  Overlord x2  
  137  8:19  Extractor, Drone x5  
  141  8:20  Lurker Den  
  141  8:21  Baneling  
  141  8:22  Baneling x8  
  141  8:26  Grooved Spines, Overseer  
  140  8:30  Pneumatized Carapace, Burrow  
  140  8:34  Drone x2  
  140  8:35  Drone x4  
  140  8:37  Extractor  
  140  8:38  Extractor  
  140  8:39  Drone x4  
  140  8:40  Drone x2  
  150  8:41  Zergling x10  
  155  9:06  Hatchery  
  153  9:11  Baneling x16  
  153  9:12  Overlord x5  
  153  9:15  Extractor  
  153  9:16  Extractor  
  151  9:17  Spore Crawler, Spine Crawler  
  151  9:18  Spine Crawler  
  151  9:21  Hive  
  151  9:22  Hydralisk x5  
  158  9:32  Zergling x26  
  158  9:33  Zergling x14  
  178  9:39  Zerg Ground Armor Level 2, Zerg Missile Weapons Level 1  
  178  9:45  Overseer  
  178  9:49  Zergling x2  
  178  9:50  Zergling x24  
  191  10:13  Drone x2  
  193  10:16  Baneling  
  193  10:17  Baneling x14  
  193  10:25  Overseer x2  
  193  10:30  Drone x6  
  193  10:34  Spore Crawler  
  198  10:44  Overseer  
  198  10:51  Baneling x17  
  198  10:52  Baneling  
  198  10:57  Seismic Spines  
  198  11:02  Nydus Network  
  198  11:03  Nydus Network  
  133  11:33  Zergling x70  
  133  11:34  Zergling x44  
  187  11:46  Zerg Missile Weapons Level 2  
  187  11:51  Extractor  
  186  11:54  Adaptive Talons  
  186  11:57  Lurker  
  186  11:58  Lurker x11  
  198  12:04  Hydralisk  
  200  12:09  Baneling x13  
  200  12:10  Baneling x17  
  184  12:42  Overseer, Hydralisk x11  
  184  12:43  Hydralisk x2  
  182  12:45  Zergling x40  
  185  12:54  Overseer  
  185  12:57  Nydus Canal  
  185  13:00  Hydralisk x7  
  199  13:06  Extractor  
  199  13:09  Baneling x16  
  198  13:17  Nydus Canal  
  198  13:28  Overseer  
  191  13:44  Nydus Canal  
  191  13:47  Zergling x20  
  195  14:06  Nydus Canal  
  176  14:21  Nydus Canal x2  
Show
View Real Time Build Order
Export as new Build Order

SialicAcid Terran 

Build Orders: Reaper Expand, Hellion Banshee 

Get SALT Encoding   

  12  0:00  SCV  
  13  0:12  SCV  
  14  0:16  Supply Depot  
  14  0:24  SCV  
  15  0:38  SCV  
  15  0:40  Barracks  
  16  0:43  Refinery  
  16  0:50  SCV  
  17  1:02  SCV  
  18  1:14  SCV  
  19  1:24  Reaper  
  19  1:27  Orbital Command  
  20  1:39  Command Center  
  20  1:49  Supply Depot  
  20  1:52  SCV  
  21  1:58  Marine  
  22  2:03  Factory  
  22  2:07  SCV  
  23  2:20  Barracks Reactor  
  23  2:23  SCV  
  24  2:35  SCV  
  24  2:36  Command Center  
  25  2:47  SCV  
  26  2:51  Orbital Command  
  26  2:58  Starport  
  26  2:59  Refinery  
  26  3:04  SCV  
  27  3:15  Hellion  
  27  3:16  Hellion, SCV  
  27  3:18  Barracks Tech Lab  
  32  3:25  SCV  
  33  3:28  SCV  
  34  3:38  SCV, Hellion x2  
  34  3:40  SCV  
  40  3:44  Banshee  
  43  3:48  Orbital Command  
  43  3:50  SCV  
  43  3:53  Cloaking Field  
  44  3:56  SCV  
  44  3:58  Barracks Tech Lab  
  44  4:02  Hellion  
  47  4:03  Hellion  
  47  4:05  SCV  
  50  4:10  Supply Depot  
  50  4:15  SCV x2  
  52  4:18  Stimpack  
  52  4:23  SCV  
  53  4:26  Barracks  
  53  4:28  Barracks  
  53  4:33  SCV x2  
  53  4:34  Factory Reactor  
  53  4:37  Refinery  
  55  4:40  Refinery  
  55  4:44  Banshee  
  58  4:48  SCV  
  58  4:49  Engineering Bay x2, SCV  
  61  4:52  SCV  
  61  5:00  SCV  
  61  5:01  Supply Depot  
  61  5:02  SCV  
  63  5:14  Marine x2  
  63  5:15  Marine  
  63  5:16  Terran Infantry Weapons Level 1  
  63  5:17  Barracks  
  63  5:18  Terran Infantry Armor Level 1, Barracks, SCV  
  67  5:22  SCV x2  
  67  5:25  Marine x2  
  71  5:31  SCV  
  71  5:34  SCV  
  73  5:36  Supply Depot  
  73  5:37  Supply Depot, SCV  
  74  5:44  SCV  
  74  5:46  SCV  
  74  5:48  Starport Reactor  
  76  5:50  SCV  
  77  5:58  Siege Tank, SCV x2, Marine x3  
  77  6:01  Combat Shield  
  85  6:05  Marine  
  85  6:06  Barracks Reactor  
  85  6:08  Barracks Reactor  
  86  6:24  SCV x2  
  85  6:26  Marine x5  
  85  6:27  Medivac  
  85  6:31  Supply Depot  
  92  6:32  Medivac  
  92  6:33  Siege Tank  
  92  6:34  Orbital Command  
  97  6:41  Armory  
  97  6:44  Marine x3, SCV  
  101  6:53  Marine x4, SCV  
  106  6:56  SCV  
  106  6:58  Supply Depot  
  106  7:00  Supply Depot  
  107  7:01  SCV  
  107  7:05  SCV  
  109  7:08  Refinery x2  
  109  7:19  Marine x7  
  109  7:20  SCV  
  109  7:22  Medivac x2, Siege Tank  
  124  7:31  Marine  
  121  7:44  Marauder  
  106  7:51  Marine  
  106  7:52  Marine x7  
  106  7:54  Siege Tank  
  106  7:58  SCV x3  
  106  8:00  Medivac x2  
  106  8:01  Terran Infantry Weapons Level 2  
  106  8:02  Terran Infantry Armor Level 2  
  106  8:05  Marine  
  111  8:09  Marine  
  111  8:10  Marine, SCV x2  
  115  8:17  Command Center  
  115  8:20  Supply Depot  
  115  8:21  Terran Vehicle Weapons Level 1, Marine  
  115  8:22  Marine x5  
  115  8:23  Marine  
  115  8:25  Supply Depot  
  115  8:26  Siege Tank  
  125  8:41  Sensor Tower  
  125  8:42  Medivac x2, SCV x3  
  125  8:44  Missile Turret  
  125  8:48  Marine x8  
  132  8:49  Marine, Factory  
  132  8:54  Supply Depot  
  132  8:55  Supply Depot  
  141  9:00  Barracks  
  141  9:01  Barracks  
  141  9:08  Concussive Shells  
  141  9:11  Supply Depot  
  141  9:12  Supply Depot  
  141  9:15  Marine  
  141  9:16  SCV x3, Siege Tank  
  148  9:17  Supply Depot  
  148  9:21  Marine x3  
  148  9:23  Marine x3  
  154  9:27  Marine  
  154  9:28  SCV  
  156  9:35  Barracks  
  156  9:38  Marine  
  156  9:43  Marine x3  
  156  9:44  Medivac  
  162  9:48  Siege Tank, Command Center  
  162  9:51  Marine  
  162  9:52  Barracks Tech Lab x2, Marauder  
  168  9:59  Liberator  
  171  10:01  Ghost Academy  
  171  10:03  SCV, Fusion Core  
  171  10:06  Refinery  
  172  10:08  Planetary Fortress  
  172  10:12  SCV  
  172  10:13  SCV  
  174  10:15  SCV  
  174  10:19  Marauder  
  177  10:23  Missile Turret  
  177  10:27  Sensor Tower  
  177  10:29  Marine x6  
  177  10:30  Siege Tank  
  186  10:36  Terran Infantry Weapons Level 3  
  186  10:37  Terran Infantry Armor Level 3  
  186  10:42  Marine  
  187  10:43  Marine  
  187  10:44  Liberator x2  
  187  10:46  Terran Ship Weapons Level 1  
  194  10:54  Supply Depot  
  194  10:55  Supply Depot, Marine x2  
  196  11:00  Marine x2, Marauder  
  154  11:43  Command Center, Marine x6  
  154  11:44  Marine x5  
  154  11:45  Command Center, Siege Tank  
  154  11:46  Medivac  
  170  11:51  Planetary Fortress  
  170  12:01  Marine  
  170  12:02  Missile Turret, Marauder x3  
  170  12:06  Missile Turret  
  177  12:13  SCV x3  
  177  12:14  Refinery, Marine x5  
  185  12:25  SCV  
  138  12:45  Marine x9  
  138  12:46  Marine x2  
  138  12:47  Siege Tank  
  144  13:03  Marine x3, Factory  
  144  13:04  Marauder x3  
  153  13:10  Marine  
  153  13:11  Missile Turret  
  154  13:16  Missile Turret  
  154  13:17  Marine x4  
  154  13:19  Siege Tank  
  161  13:21  Marine x3  
  161  13:25  Marine x3  
  161  13:26  Refinery  
  167  13:28  Marine  
  167  13:29  Refinery  
  168  13:34  Marine  
  151  13:51  Ghost x3  
  151  13:52  Marine  
Tags
 
Add a new tag
Caveats
  • Supply blocks, unpowered buildings, or Contaminate may cause inaccurate times.
  • Supply counts are checked every 10 seconds.